AoeStats
← ToileTh

Oasis

509440772Analyzed
4v4 RM · 4d ago on Sep 26, 2026· 26m 33s· 8 players
Game mode
Random Map
Map size
Large (8 player)
Population
200
Speed
Normal
Resources
Standard
Victory
Conquest
Starting age
Dark Age
Ending age
Imperial Age
RankedLock teamsTeams togetherTeam positionsShared explorationLock speedFull tech treeHidden civsTurbo modeCheats
Victory
Defeat
🇨🇳 Maya · China
1408
+12
🇹🇷 Persians · Türkiye
1368
+14
🇫🇷 Bengalis · France
1342
+15
🇨🇦 Magyars · Canada
1302
+15
🇬🇧 Hindustanis · United Kingdom
1368
-16
🇩🇰 Britons · Denmark
1367
-16
🇺🇸 Persians · United States
1288
-13
🇬🇧 Saracens · United Kingdom
1239
-11
EarlyQuitter
6:17 Loom
9:08 Feudal Age
10:17 Double-Bit Axe
10:12 Horse Collar
15:15 Scale Barding Armor
17:08 Wheelbarrow
19:17 Forging
21:40 Castle Age
20:30 Bloodlines
21:35 Light Cavalry
22:17 Husbandry
23:06 Bow Saw
23:31 Chain Barding Armor
24:39 Forging
26:40 Iron Casting
ToileTh
12:18 Feudal Age
11:56 Loom
15:22 Fletching
16:21 Double-Bit Axe
20:38 Castle Age
21:20 Padded Archer Armor
21:29 Gold Mining
23:07 Bodkin Arrow
24:44 Wheelbarrow
25:56 Ballistics
25:51 Padded Archer Armor
27:27 Leather Archer Armor
MonkHater
0:26 Loom
9:42 Feudal Age
11:02 Double-Bit Axe
17:24 Fletching
21:53 Castle Age
20:26 Padded Archer Armor
23:08 Wheelbarrow
22:34 Bodkin Arrow
22:09 Crossbowman
25:21 Ballistics
26:52 Thumb Ring
pppni
6:32 Loom
8:58 Feudal Age
10:49 Double-Bit Axe
16:10 Horse Collar
17:18 Scale Barding Armor
20:01 Wheelbarrow
20:01 Bloodlines
24:38 Castle Age
23:20 Gold Mining
27:07 Gold Shaft Mining
26:45 Bow Saw
abli30
6:40 Loom
8:52 Feudal Age
9:28 Double-Bit Axe
15:00 Horse Collar
16:14 Horse Collar
17:39 Scale Barding Armor
20:27 Castle Age
18:49 Forging
18:53 Horse Collar
19:05 Gold Mining
20:10 Bloodlines
20:36 Light Cavalry
21:37 Chain Barding Armor
21:43 Bow Saw
24:50 Wheelbarrow
25:27 Husbandry
26:14 Iron Casting
BALDWIN IV
3:18 Loom
10:54 Feudal Age
17:08 Fletching
17:53 Padded Archer Armor
26:45 Castle Age
Fortune_Finder
8:11 Loom
10:18 Feudal Age
16:24 Fletching
19:08 Double-Bit Axe
24:41 Castle Age
22:41 Horse Collar
24:49 Elite Skirmisher
Mr_Chucklz
5:45 Loom
8:35 Feudal Age
10:01 Double-Bit Axe
13:25 Wheelbarrow
14:09 Horse Collar
17:14 Bloodlines
19:20 Castle Age
19:17 Scale Barding Armor
19:39 Bloodlines
22:28 Chain Barding Armor
22:49 Husbandry
25:40 Forging
26:26 Gold Mining
Connection lost

Rejoining the realm…

Still unreachable

The connection could not be restored.

Session expired

The server has moved on; the page needs a fresh start.